 Dungeon Crawl Stone Soup version 0.31.0-32-g396128a36d (webtiles) character file.

Game seed: 7641544579532276018

103 Mels the Magician (level 4, -2/24 HPs)
             Began as a Deep Elf Earth Elementalist on Apr 17, 2024.
             Slain by a ball python (3 damage)
             ... on level 3 of the Dungeon.
             The game lasted 00:03:04 (1837 turns).

Mels the Magician (Deep Elf Earth Elementalist)     Turns: 1837, Time: 00:03:05

Health: -2/24      AC:  2    Str:  5    XL:     4   Next: 51%
Magic:  0/14       EV: 12    Int: 22    God:
Gold:   81         SH:  0    Dex: 15    Spells: 11/15 levels left

rFire   . . .        c - +4 whip
rCold   . . .        (no shield)
rNeg    . . .        a - +0 robe
rPois   +            (no helmet)
rElec   .            (no cloak)
rCorr   .            (no gloves)
SInv    .            (no boots)
Will    .....        g - amulet of guardian spirit
Stlth   ++           (no ring)
HPRegen 0.24/turn    (no ring)
MPRegen 0.14/turn

%: guardian spirit
@: lethally poisoned (-2 -> -7)
A: poison resistance
a: no special abilities


You were on level 3 of the Dungeon.
You visited 1 branch of the dungeon, and saw 3 of its levels.

You collected 109 gold pieces.
You spent 28 gold pieces at shops.

Inventory:

Hand Weapons
 c - a +4 whip (weapon)
Armour
 a - a +0 robe (worn)
Jewellery
 g - an amulet of guardian spirit (around neck)
Scrolls
 d - a scroll of identify
 h - a scroll of noise
 i - a scroll of enchant armour
 j - a scroll of fog
Potions
 b - a potion of magic
 f - a potion of invisibility {unknown}
 k - a potion of curing {unknown}
 l - 2 potions of enlightenment
 m - a potion of heal wounds {unknown}


   Skills:
 - Level 2.4 Dodging
 - Level 2.4 Stealth
 - Level 6.0 Spellcasting
 + Level 1.5 Conjurations
 * Level 3.7 Earth Magic


You had 11 spell levels left.
You knew the following spells:

 Your Spells              Type           Power      Damage    Failure   Level
a - Sandblast             Erth           46%        2d11      1%          1
b - Stone Arrow           Conj/Erth      36%        3d9       9%          3

Your spell library contained the following spells:

 Spells                   Type           Power      Damage    Failure   Level
 Passwall                 Erth           23%        N/A       6%          3
 Brom's Barrelling Bould  Conj/Erth      18%        2d4       30%         4
 Petrify                  Alch/Erth      14%        N/A       38%         4


Dungeon Overview and Level Annotations

Branches:
Dungeon (3/15) Zot: 16130

Altars:

Shops:
D:2 ?

Annotations:
D:2 Sigmund, Terence


Innate Abilities, Weirdness & Mutations

Your system is resistant to poisons. (rPois)


Message History

You feel a bit more experienced. The adder misses you.
The ball python barely misses you. The ball python misses you.
You now have 2/14 mp.
Casting: Sandblast (safe; 1% risk of failure)
Confirm with . or Enter, or press ? or * to list all spells.
Aiming: Sandblast (safe; 1% risk of failure)
Press: ? - help, Shift-Dir - straight line, f/p - orc
Aim: an orc, wielding a +0 club and wearing a +0 leather armour (heavily wounded, 83% to hit)
The blast of sand hits the adder!
The adder is heavily wounded.
The adder misses you. The ball python closely misses you.
The ball python grabs you. The ball python constricts you. The adder bites you.
You are poisoned.
The adder poisons you! The ball python bites you.
The ball python constricts you.
You take 3 damage, and have 12/24 hp.
You now have 1/14 mp.
You hit the adder.
The adder is almost dead.
You feel sick. The adder bites you. The ball python bites you.
* * * LOW HITPOINT WARNING * * *
The ball python constricts you.
* * * LOW HITPOINT WARNING * * *
The adder closely misses you.
You take 6 damage, and have 6/24 hp.
MASSIVE DAMAGE!!
You escape the ball python's grasp.
You feel sick.
The ball python attacks as it pursues you!
The ball python bites you.
* * * LOW HITPOINT WARNING * * *
The ball python closely misses you. The adder attacks as it pursues you!
The adder bites you.
* * * LOW HITPOINT WARNING * * *
You are more poisoned.
The adder poisons you!
You take 3 damage, and have 3/24 hp.
You now have 0/14 mp.
It was a potion of mutation.
You feel extremely strange.
You feel yourself wasting away.
You feel resistant to poisons.
You feel healthier.
* * * LOW HITPOINT WARNING * * *
You feel sick. The ball python bites you.
You die...

#.# ..# #.. .# ....
#.. #..####.# ...##.#
.....#.#####
.....####...>......#
#..#..............>#
#..#.#..##.........#
#..#.#.SSo)........##
#......@##...........
#....#####...........
#..#.# #..).......#
##..#..# #.(.........
##...##.#
#####..###.. #..<.#
.# ..# ###.#.......
.$.. ##...##......
....# #.............
......


You could see an adder, an orc and a ball python.

Vanquished Creatures
  An orc wizard (D:3)
  Robin (D:2)
  2 adders
  2 dart slugs (D:2)
  A ribbon worm (D:2)
  An orc (D:3)
  4 endoplasms
  3 giant cockroaches
  6 goblins
  5 hobgoblins
  2 quokkas (D:1)
  4 ball pythons
  2 bats (D:1)
  2 frilled lizards (D:1)
  4 kobolds
  2 rats (D:1)
42 creatures vanquished.

Notes
Turn   | Place    | Note
-------+----------+-------------------------------------------
     0 | D:1      | Mels the Deep Elf Earth Elementalist began the quest for
                  | the Orb.
     0 | D:1      | Reached XP level 1. HP: 10/10 MP: 6/6
   191 | D:1      | Reached skill level 4 in Spellcasting
   191 | D:1      | Reached XP level 2. HP: 13/15 MP: 5/9
   746 | D:2      | Found Keggeh's Magic Scroll Boutique.
   791 | D:2      | Bought a scroll of identify for 28 gold pieces
   834 | D:2      | Reached XP level 3. HP: 17/19 MP: 7/11
   887 | D:2      | Reached skill level 5 in Spellcasting
   926 | D:2      | Learned a level 3 spell: Stone Arrow
  1228 | D:2      | Noticed Sigmund
  1344 | D:2      | Noticed Robin
  1372 | D:2      | Killed Robin
  1559 | D:2      | Noticed Terence
  1775 | D:3      | Reached skill level 6 in Spellcasting
  1775 | D:3      | Reached XP level 4. HP: 24/24 MP: 12/14
  1837 | D:3      | Gained mutation: Your body sometimes deteriorates upon
                  | taking damage. [potion of mutation]
  1837 | D:3      | Gained mutation: Your system is resistant to poisons.
                  | (rPois) [potion of mutation]
  1837 | D:3      | Lost mutation: Your body sometimes deteriorates upon taking
                  | damage. [potion of mutation]
  1837 | D:3      | HP: 1/24 [poisoned by an adder]
  1837 | D:3      | Slain by a ball python

Illustrated notes

Levels and vault maps discovered:
D:1:      saegor_arrival_simple_e, layout_rooms
D:2:      layout_loops_ring, serial_shops, shop, uniq_terence, uniq_sigmund,
          uniq_robin
D:3:      layout_rooms, serial_shops, nicolae_shop_rolling_square,
          nicolae_shop_stone, basic_ecumenical_altar,
          corexii_item_surrounded_by_moat, palyth_stone_intersect,
          chequers_serial_rivers_small_a

Skill      XL: |  1  2  3 |
---------------+----------+-----
Spellcasting   | 4 6 |  6.0
Dodging        | |  2.4
Stealth        | |  2.4
Conjurations   | |  1.5
Earth Magic    | |  3.7

Action                     |  1- 3 |  4- 6 || total
---------------------------+-------+-------++-------
  Melee: Whip              |       |     3 ||     3
   Cast: Sandblast         |    54 |     7 ||    61
         Stone Arrow       |     3 |     1 ||     4
    Use: Scroll            |     6 |       ||     6
         Potion            |       |     1 ||     1
 Armour: Robe              |    15 |    13 ||    28
  Dodge: Dodged            |     7 |    10 ||    17
